 Dungeon Crawl Stone Soup version 0.30-b1-2-g02819fbbbe (webtiles) character file.

Game seed: 13817741536898685482

76 Mesmaeker13 the Gusty (level 4, -5/24 HPs)
             Began as a Tengu Air Elementalist on July 13, 2023.
             Slain by a gnoll
             ... wielding a +0 whip
              (9 damage)
             ... on level 2 of the Dungeon.
             The game lasted 00:02:20 (2139 turns).

Mesmaeker13 the Gusty (Tengu Air Elementalist)      Turns: 2139, Time: 00:02:20

Health: -5/24      AC:  2    Str:  9    XL:     4   Next: 32%
Magic:  6/9        EV: 13    Int: 17    God:
Gold:   88         SH:  0    Dex: 14    Spells: 5/8 levels left

rFire   . . .        h - staff of air
rCold   . . .        (no shield)
rNeg    . . .        a - +0 robe
rPois   .            (helmet restricted)
rElec   +            (no cloak)
rCorr   .            (no gloves)
SInv    .            (boots unavailable)
Will    .....        (no amulet)
Stlth   ++           (no ring)
HPRegen 0.24/turn    (no ring)
MPRegen 0.11/turn

%: no passive effects
@: no status effects
A: beak, talons 3
a: no special abilities


You were on level 2 of the Dungeon.
You visited 1 branch of the dungeon, and saw 2 of its levels.

You collected 88 gold pieces.

Inventory:

Hand Weapons
 c - a +0 dagger
Missiles
 i - 8 poisoned darts (quivered)
Armour
 a - a +0 robe (worn)
Magical Staves
 h - a staff of air (weapon)
Scrolls
 d - a scroll of fog {unknown}
 j - 2 scrolls of identify {unknown}
 k - a scroll of immolation {unknown}
Potions
 b - a potion of magic
 e - 2 potions of curing
 f - 2 potions of degeneration {unknown}
 g - a potion of brilliance {unknown}


   Skills:
 + Level 3.0 Dodging
 - Level 2.0 Stealth
 + Level 2.6 Spellcasting
 + Level 2.8 Conjurations
 + Level 4.7 Air Magic


You had 5 spell levels left.
You knew the following spells:

 Your Spells              Type           Power      Damage    Failure   Level
a - Shock                 Conj/Air       88%        1d8       3%          1
b - Static Discharge      Conj/Air       44%        2-4/arc   5%          2

Your spell library contained the following spells:

 Spells                   Type           Power      Damage    Failure   Level
 Swiftness                Air            27%        N/A       8%          3
 Airstrike                Air            13%        2d(2-18)  26%         4


Dungeon Overview and Level Annotations

Branches:
Dungeon (2/15)

Altars:


Innate Abilities, Weirdness & Mutations

You have a beak for a mouth.
You have claws for feet.


Message History

Casting: Shock (safe; 3% risk of failure)
Confirm with . or Enter, or press ? or * to list all spells.
Aiming: Shock (safe; 3% risk of failure)
Press: ? - help, Shift-Dir - straight line, p - gnoll You feel a surge of power!
The zap hits the gnoll.
The gnoll is moderately wounded.
Unknown command.
Casting: Shock (safe; 3% risk of failure)
Confirm with . or Enter, or press ? or * to list all spells.
Aiming: Shock (safe; 3% risk of failure)
Press: ? - help, Shift-Dir - straight line You feel a surge of power!
The zap hits the gnoll.
The gnoll is severely wounded.
Unknown command.
Casting: Shock (safe; 3% risk of failure)
Confirm with . or Enter, or press ? or * to list all spells.
Aiming: Shock (safe; 3% risk of failure)
Press: ? - help, Shift-Dir - straight line You feel a surge of power!
The zap misses the gnoll.
The gnoll hits you with a +0 whip!
Unknown command.
The gnoll attacks as you move away! The gnoll hits you with a +0 whip.
Casting: Shock (safe; 3% risk of failure)
Confirm with . or Enter, or press ? or * to list all spells.
Aiming: Shock (safe; 3% risk of failure)
Press: ? - help, Shift-Dir - straight line, f - gnoll
Aim: a gnoll, wielding a +0 whip (severely wounded, 77% to hit)
You feel a surge of power!
The zap hits the gnoll.
The gnoll is severely wounded.
The gnoll hits you with a +0 whip.
* * * LOW HITPOINT WARNING * * *
A ball python comes into view.
The gnoll attacks as you move away! The gnoll hits you with a +0 whip.
* * * LOW HITPOINT WARNING * * *
The kobold misses you. The kobold attacks as you move away!
The kobold hits you with a +0 dagger.
* * * LOW HITPOINT WARNING * * *
The ball python hisses angrily.
The gnoll hits you with a +0 whip!
You die...

########.# #...# ###.#.. #.#
#...# #...... ###### #.# #...#
#...... .....####.##### #...#
#......
...#.##.......####...######.#g...
.†.#.##.##.##.............#....#.
...#.##.##..................###..
............#...Kg.....S..#.# ..
...#.##.#####.##@#...#.####.# .#
.....##.#####÷##.#...#.# #.. ..
#######.......##.#...#.# #### .#
..# #.########.#...#.# #.# #.#
#.#...#.#### #.#####.#
######..........# ........#
#...†..########.#
#.#########.####.# ####.#### #.#
#......#.#####.......##


You could see a gnoll, a ball python and a kobold.

Vanquished Creatures
  2 adders (D:2)
  A gnoll (D:1)
  A dart slug (D:2)
  7 endoplasms
  A giant cockroach (D:1)
  9 hobgoblins
  2 kobolds
  5 quokkas
  A ball python (D:1)
  3 bats
  2 frilled lizards (D:2)
  4 goblins (D:1)
  4 rats
42 creatures vanquished.

Notes
Turn   | Place    | Note
-------+----------+-------------------------------------------
     0 | D:1      | Mesmaeker13 the Tengu Air Elementalist began the quest for
                  | the Orb.
     0 | D:1      | Reached XP level 1. HP: 10/10 MP: 4/4
   216 | D:1      | Reached XP level 2. HP: 15/15 MP: 4/6
   433 | D:1      | Reached XP level 3. HP: 19/19 MP: 3/7
  1174 | D:1      | Found a faded altar of an unknown god.
  1524 | D:1      | Learned a level 2 spell: Static Discharge
  1603 | D:2      | Reached XP level 4. HP: 24/24 MP: 4/8
  2139 | D:2      | Slain by a gnoll

Illustrated notes

Levels and vault maps discovered:
D:1:      dpeg_arrival_arbitrary_b, layout_basic, ebering_ecumenical_altar_rust,
          minmay_misc_feat_square
D:2:      layout_loops_cross

Skill      XL: |  1  2  3  4 |
---------------+-------------+-----
Conjurations   | 2 |  2.8
Dodging        | 3 |  3.0
Stealth        | |  2.0
Spellcasting   | |  2.6
Air Magic      | |  4.7

Action                     |  1- 3 |  4- 6 || total
---------------------------+-------+-------++-------
  Melee: Unarmed           |     6 |       ||     6
         Kick              |     3 |     1 ||     4
         Peck              |     1 |     1 ||     2
         Dagger            |     1 |       ||     1
         Staff             |       |     3 ||     3
  Throw: Dart              |       |     4 ||     4
   Cast: Shock             |    73 |    24 ||    97
    Use: Potion            |       |     2 ||     2
 Armour: Robe              |     1 |     3 ||     4
  Dodge: Dodged            |    10 |    14 ||    24
